 Dungeon Crawl Stone Soup version 0.30.1-4-g462c640d31 (webtiles) character file.

Game seed: 15791948184002486173

15 Kranky the Charlatan (level 2, 0/21 HPs)
             Began as a Demonspawn Wanderer on Sept 3, 2023.
             Slain by a hobgoblin (1 damage)
             ... on level 1 of the Dungeon.
             The game lasted 00:00:49 (252 turns).

Kranky the Charlatan (Demonspawn Wanderer)           Turns: 252, Time: 00:00:50

Health: 0/21       AC:  4    Str: 12    XL:     2   Next: 34%
Magic:  2/2        EV: 10    Int: 11    God:
Gold:   16         SH:  3    Dex: 14    Spells: 1/1 levels left

rFire   . . .        a - +0 dagger
rCold   . . .        j - +0 buckler
rNeg    . . .        e - +0 leather armour
rPois   .            (no helmet)
rElec   .            c - +0 cloak
rCorr   .            (no gloves)
SInv    .            (no boots)
Will    .....        (no amulet)
Stlth   ++           (no ring)
HPRegen 0.23/turn    (no ring)
MPRegen 0.08/turn

%: no passive effects
@: no status effects
A: powered by pain 1
a: no special abilities


You were on level 1 of the Dungeon.
You visited 1 branch of the dungeon, and saw 1 of its levels.

You collected 16 gold pieces.

Inventory:

Hand Weapons
 a - a +0 dagger (weapon)
Armour
 c - a +0 cloak (worn)
 e - a +0 leather armour (worn)
 j - a +0 buckler (worn)
Wands
 f - a wand of light (2) (quivered)
Scrolls
 b - a scroll of teleportation
 d - 2 scrolls of silence
 g - a scroll of noise {unknown}
 i - a scroll of blinking {unknown}
Potions
 h - a potion of mutation {unknown}


   Skills:
 + Level 1.5 Fighting
 + Level 0.7 Armour
 - Level 2.6 Stealth
 + Level 0.3 Shields
 - Level 1.7 Unarmed Combat
 + Level 4.2 Evocations


You had one spell level left.
You didn't know any spells.
Your spell library was empty.

Dungeon Overview and Level Annotations

Branches:
Dungeon (1/15)

Altars:


Innate Abilities, Weirdness & Mutations

You sometimes gain a little power by taking damage.


Message History

You block the gnoll's attack.
You hit the gnoll.
The gnoll is heavily wounded.
The gnoll hits you with a +0 club.
You hit the gnoll.
The gnoll is severely wounded.
The gnoll closely misses you.
You hit the gnoll.
The gnoll is almost dead.
The gnoll hits you but does no damage.
You hit the gnoll but do no damage.
The gnoll is almost dead.
The gnoll closely misses you.
You hit the gnoll.
The gnoll is almost dead.
The gnoll closely misses you.
You hit the gnoll but do no damage.
The gnoll is almost dead.
You block the gnoll's attack. The hobgoblin hits you.
You closely miss the gnoll.
The gnoll is almost dead.
The gnoll hits you with a +0 club. The hobgoblin barely misses you.
You are too injured to fight recklessly!
You are too injured to fight recklessly!
You are too injured to fight recklessly!
You hit the gnoll.
You kill the gnoll!
The hobgoblin hits you.
* * * LOW HITPOINT WARNING * * *
You have reached level 2!
Your demonic ancestry asserts itself...
You feel energised by your suffering.
You hit the hobgoblin but do no damage. The hobgoblin hits you.
* * * LOW HITPOINT WARNING * * *
You hit the hobgoblin but do no damage. The hobgoblin hits you.
* * * LOW HITPOINT WARNING * * *
You hit the hobgoblin.
The hobgoblin is lightly wounded.
The hobgoblin hits you.
You die...

# #.# #.####
#....#############
#.#...............
#.#(.######..#####
#######...........##.>.#
........##.########..<..
......)@...# ##......
......g.#### ##..⌠...⌠
........# ##........
........# ##.⌠....⌠..
........# #..........
........# #..⌠...⌠...⌠
......### ............
.####. .....⌠......
.........⌠..


You could see a hobgoblin.

Vanquished Creatures
  A gnoll (D:1)
  A bat (D:1)
  An endoplasm (D:1)
  A quokka (D:1)
  2 rats (D:1)
6 creatures vanquished.

Notes
Turn   | Place    | Note
-------+----------+-------------------------------------------
     0 | D:1      | Kranky the Demonspawn Wanderer began the quest for the Orb.
     0 | D:1      | Kranky set off with the following items: a +0 dagger, a
                  | scroll of teleportation, a +0 cloak, a scroll of silence, a
                  | +0 leather armour, a wand of light (2).
     0 | D:1      | Reached XP level 1. HP: 15/15 MP: 1/1
   250 | D:1      | Gained mutation: You sometimes gain a little power by
                  | taking damage. [demonic ancestry]
   250 | D:1      | Reached XP level 2. HP: 6/21 MP: 2/2
   251 | D:1      | HP: 1/21 [hobgoblin (2)]
   252 | D:1      | Slain by a hobgoblin

Illustrated notes

Levels and vault maps discovered:
D:1:      dpeg_arrival_lava_temple_mockup, layout_basic, grunt_decor_clamped,
          minivault_5, chequers_serial_rivers_micro_a,
          minmay_misc_feat_more_columns

Action                     || total
---------------------------++-------
  Melee: Dagger            ||    27
         Punch             ||     1
   Stab: Sleeping          ||     1
 Armour: Leather armour    ||     4
  Dodge: Dodged            ||    10
  Block: Buckler           ||     2
